 Dungeon Crawl Stone Soup version 0.28.0-43-g3370ac3207 (webtiles) character file.

Game seed: 15931821084039882887

149 nickcage the Cudgeller (level 5, -4/45 HPs)
             Began as a Minotaur Abyssal Knight on Mar 22, 2022.
             Was a Believer of Lugonu.
             Slain by an ogre
             ... wielding a +0 giant spiked club
              (13 damage)
             ... on level 4 of the Dungeon.
             The game lasted 00:09:45 (3399 turns).

nickcage the Cudgeller (Minotaur Abyssal Knight)    Turns: 3399, Time: 00:09:46

Health: -4/45      AC:  8    Str: 19    XL:     5   Next: 9%
Magic:  5/5        EV:  9    Int:  7    God:    Lugonu [**....]
Gold:   107        SH: 13    Dex: 11    Spells: 4/4 levels left

rFire   . . .      SeeInvis .   a - +2 mace
rCold   . . .      Faith    .   l - +1 kite shield
rNeg    + . .      Spirit   .   i - +2 ring mail {rN+}
rPois   .          Reflect  +   (helmet restricted)
rElec   .          Harm     .   (no cloak)
rCorr   .          Rampage  .   (no gloves)
Will    .....                   e - +0 pair of boots
Stlth   +.........              f - amulet of reflection
HPRegen 0.15/turn               (no ring)
MPRegen 0.09/turn               (no ring)

@: no status effects
A: horns 2, retaliatory headbutt
a: Renounce Religion, Depart the Abyss, Bend Space


You were on level 4 of the Dungeon.
You worshipped Lugonu.
Lugonu was pleased with you.
You visited 1 branch of the dungeon, and saw 4 of its levels.
You visited the Abyss 1 time.

You collected 107 gold pieces.

Inventory:

Hand Weapons
 a - a +2 mace (weapon)
Armour
 b - a +0 leather armour
 e - a +0 pair of boots (worn)
 i - a +2 ring mail of positive energy (worn)
 l - a +1 kite shield (worn)
Jewellery
 f - an amulet of reflection (around neck)
Wands
 c - a wand of iceblast (8)
 h - a wand of digging (2)
Scrolls
 j - a scroll of summoning
 k - a scroll of enchant armour
Potions
 d - 2 potions of degeneration
 g - a potion of curing
 n - a potion of heal wounds {unknown}


   Skills:
 - Level 3.6 Fighting
 + Level 6.1 Maces & Flails
 - Level 2.4 Armour
 - Level 1.1 Dodging
 + Level 1.7 Shields
 - Level 1.7 Invocations


You had 4 spell levels left.
You didn't know any spells.
Your spell library contained the following spells:

 Spells                   Type           Power      Damage    Failure   Level
 Frozen Ramparts          Ice            0%         1d2       100%        3
 Ice Form                 Ice/Tmut       0%         N/A       100%        4
 Summon Ice Beast         Ice/Summ       0%         N/A       100%        4


Dungeon Overview and Level Annotations

Branches:
Dungeon (4/15)             Temple (0/1) D:4

Altars:
Ashenzari
Dithmenos
Gozag
Hepliaklqana
Uskayaw
Vehumet
Yredelemnul
The Shining One


Innate Abilities, Weirdness & Mutations

You have a pair of horns on your head.
You reflexively headbutt those who attack you in melee.


Message History

You hit the quokka. Your headbutt misses the quokka.
The quokka is moderately wounded.
The quokka closely misses you. You furiously retaliate!
You headbutt the quokka, but do no damage.
You block the quokka's attack.
You sock the quokka!
You kill the quokka!
Lugonu accepts your kill.
k - a scroll of enchant armour
Found 6 atropa-tipped darts.
Found a staircase to the Ecumenical Temple.
Found a flail.
An ogre comes into view. It is wielding a +0 giant spiked club.
The ogre shouts!
There is an escape hatch in the ceiling here.
You sock the ogre!
The ogre is moderately wounded.
The ogre hits you with a +0 giant spiked club!
You barely miss the ogre.
The ogre is moderately wounded.
You block the ogre's attack.
You hit the ogre.
The ogre is moderately wounded.
The ogre hits you with a +0 giant spiked club!
You hit the ogre.
The ogre is heavily wounded.
You block the ogre's attack.
You completely miss the ogre.
The ogre is heavily wounded.
The ogre barely misses you. You furiously retaliate!
You headbutt the ogre. You barely miss the ogre.
You headbutt the ogre, but do no damage.
The ogre is severely wounded.
The ogre hits you with a +0 giant spiked club!
* * * LOW HITPOINT WARNING * * *
You are too injured to fight recklessly!
You completely miss the ogre.
The ogre is severely wounded.
The ogre hits you with a +0 giant spiked club!
You die...

#...## #...# #...##### ###..#
..... . #...##.####...#
....... ..#####............##
.......
..........>.........##.......
.....................#.......
#####.......................
##..#................#...
##..#.....@O..........(...
##...#................#.#.
#...##.....................
##..##................#...#.
##.)###..............#.......
##..##
#............#.....>...
##..##
#..............#....... #..##
#............#..!#...#. ##.##
..........###......


You could see an ogre.

Vanquished Creatures
  Ijyb (D:3)
  3 gnolls (D:2)
  3 adders
  An adder skeleton (D:2)
  2 dart slugs
  An orc (D:2)
  8 bats
  5 endoplasms
  4 giant cockroaches
  6 goblins
  3 hobgoblins
  7 kobolds
  8 quokkas
  2 ball pythons
  A frilled lizard (D:2)
  3 rats (D:1)
58 creatures vanquished.

Notes
Turn   | Place    | Note
-------+----------+-------------------------------------------
     0 | Abyss:1  | nickcage the Minotaur Abyssal Knight began the quest for
                  | the Orb.
     0 | Abyss:1  | Reached XP level 1. HP: 19/19 MP: 1/1
     0 | D:1      | Escaped the Abyss
    33 | D:1      | Reached * piety under Lugonu
    40 | D:1      | Reached skill level 3 in Maces & Flails
   333 | D:1      | Reached XP level 2. HP: 20/26 MP: 2/2
   879 | D:1      | Reached skill level 4 in Maces & Flails
  1114 | D:1      | Reached XP level 3. HP: 27/31 MP: 3/3
  1781 | D:2      | Reached skill level 5 in Maces & Flails
  1994 | D:2      | Reached XP level 4. HP: 39/39 MP: 4/4
  2245 | D:2      | Found a faded altar of an unknown god.
  2402 | D:2      | Reached ** piety under Lugonu
  2584 | D:3      | Found a hide-covered altar of Uskayaw.
  2665 | D:3      | Reached skill level 1 in Shields
  2665 | D:3      | Noticed a scorpion
  2782 | D:3      | Found a radiant altar of Vehumet.
  2783 | D:3      | Found a shadowy altar of Dithmenos.
  2783 | D:3      | Found a broken altar of Ashenzari.
  2784 | D:3      | Found a glowing golden altar of the Shining One.
  2784 | D:3      | Found an opulent altar of Gozag.
  2836 | D:3      | Found a hazy altar of Hepliaklqana.
  2836 | D:3      | Found a basalt altar of Yredelemnul.
  2858 | D:3      | Noticed Ijyb
  2876 | D:3      | Killed Ijyb
  2946 | D:3      | Reached skill level 6 in Maces & Flails
  3302 | D:4      | Reached XP level 5. HP: 42/45 MP: 5/5
  3376 | D:4      | Found a staircase to the Ecumenical Temple.
  3379 | D:4      | Noticed an ogre
  3399 | D:4      | Slain by an ogre

Illustrated notes

Levels and vault maps discovered:
D:1:      sevenhm_arrival_forest_fort_small_6, layout_basic,
          grunt_decor_junction, st_stairs_14, minmay_hexomino_f4
D:2:      layout_basic, hellmonk_ecumenical_altar_heavens_door
D:3:      layout_basic, eat_drink_and_be_merry_uskayaw,
          grunt_temple_overflow_open, gammafunk_temple_overflow_wave, uniq_ijyb
D:4:      layout_cave_pods, minmay_temple_entry_sparse_star

Skill      XL: |  1  2  3  4 |
---------------+-------------+-----
Maces & Flails | 3 4 5 6 |  6.1
Shields        | 1 |  1.7
Fighting       | |  3.6
Armour         | |  2.4
Dodging        | |  1.1
Invocations    | |  1.7

Action                   |  1- 3 |  4- 6 || total
-------------------------+-------+-------++-------
Melee: Mace              |    71 |    83 ||   154
       Headbutt          |     8 |     8 ||    16
       Punch             |     1 |       ||     1
Invok: Depart the Abyss  |     1 |       ||     1
  Use: Scroll            |     3 |     6 ||     9
Armor: Leather armour    |    10 |       ||    10
       Ring mail         |    14 |    17 ||    31
Dodge: Dodged            |    45 |    24 ||    69
Block: Other             |    10 |     1 ||    11
       Kite shield       |       |    44 ||    44
